 Dungeon Crawl Stone Soup version 0.30-a0-23-ge60ba3568b (webtiles) character file.

Game seed: 7157181997735988186

56942 Cedruin the Severer (level 14, -8/115 HPs)
             Began as a Demonspawn Gladiator on Aug 24, 2022.
             Was a High Priest of Nemelex Xobeh.
             Blown up by an eye of devastation (43 damage)
             ... with a bolt of energy
             ... on level 13 of the Dungeon.
             The game lasted 00:48:09 (23619 turns).

Cedruin the Severer (Demonspawn Gladiator)         Turns: 23619, Time: 00:48:10

Health: -8/115     AC: 17    Str: 19    XL:     14   Next: 43%
Magic:  0/23       EV: 16    Int: 15    God:    Nemelex Xobeh [*****.]
Gold:   1361       SH: 11    Dex: 20    Spells: 13/13 levels left

rFire   . . .      SeeInvis .    a - +2 war axe (elec)
rCold   . . .      Faith    .    I - +0 buckler
rNeg    + . .      Spirit   +    C - +3 chain mail {rN+}
rPois   +          Reflect  +    c - +1 helmet
rElec   .          Harm     .    l - +2 cloak {Stlth+}
rCorr   +          Rampage  .    g - +0 pair of gloves
Will    +....                    (boots unavailable)
Stlth   +++.......               v - amulet of reflection
HPRegen 0.29/turn                r - +4 ring of evasion
MPRegen 0.36/turn                f - ring of Leosiyf {rPois rCorr Int+4}

@: elixired, studying Long Blades
A: hooves 3, thin skeletal structure 3, foul stench 1, magic shield, magic
regeneration
a: Renounce Religion, Draw Escape, Draw Destruction, Draw Summoning, Triple
Draw, Deal Four, Stack Five


You were on level 13 of the Dungeon.
You worshipped Nemelex Xobeh.
Nemelex Xobeh was extremely pleased with you.
You visited 3 branches of the dungeon, and saw 19 of its levels.

You collected 1519 gold pieces.
You spent 158 gold pieces at shops.

Inventory:

Hand Weapons
 a - a +2 war axe of electrocution (weapon)
 b - a +1 morningstar of protection
 R - a +1 war axe of venom
Missiles
 e - 8 javelins (quivered)
Armour
 c - a +1 helmet (worn)
 g - a +0 pair of gloves (worn)
 k - the +0 ring mail of Dimuim {MP+9 Int+3 Dex+4 Stlth-}
   (You found it on level 4 of the Dungeon)

   Int:       It affects your intelligence (+3).
   Dex:       It affects your dexterity (+4).
   MP:        It affects your magic capacity (+9).
   Stlth:     It makes you less stealthy.
 l - a +2 cloak of stealth (worn)
 C - a +3 chain mail of positive energy (worn)
 I - a +0 buckler (worn)
Jewellery
 d - a ring of protection from cold
 f - the ring of Leosiyf (right hand) {rPois rCorr Int+4}
   (You acquired it on level 1 of the Dungeon)

   [ring of resist corrosion]

   Int:       It affects your intelligence (+4).
   rPois:     It protects you from poison.
   rCorr:     It protects you from acid and corrosion.
 j - a +4 ring of slaying
 r - a +4 ring of evasion (left hand)
 v - an amulet of reflection (around neck)
 y - a ring of see invisible
 E - a ring of fire
 G - an amulet of regeneration
 N - a ring of positive energy
 O - a ring of ice
 P - a +4 ring of protection
 Q - a ring of ice
 S - an amulet of magic regeneration
Wands
 p - a wand of roots (23)
 B - a wand of polymorph (15)
 D - a wand of charming (17)
 H - a wand of acid (11)
 J - a wand of digging (6)
 M - a wand of flame (10)
Scrolls
 q - 3 scrolls of butterflies
 w - 4 scrolls of teleportation
 A - 2 scrolls of amnesia
 K - 3 scrolls of brand weapon
 L - 5 scrolls of magic mapping
 T - a scroll of identify
Potions
 h - 5 potions of magic
 i - 4 potions of heal wounds
 m - 2 potions of flight
 n - 10 potions of curing
 o - 5 potions of mutation
 s - a potion of invisibility
 t - a potion of berserk rage
 u - a potion of might {unknown}
 x - 5 potions of haste
 z - a potion of ambrosia
 F - 2 potions of brilliance


   Skills:
 + Level 12.1 Fighting
 * Level 15.5 Axes
 - Level 1.7 Throwing
 + Level 11.3 Dodging
 + Level 4.1 Shields
 - Level 12.0 Invocations


You had 13 spell levels left.
You didn't know any spells.
Your spell library contained the following spells:

 Spells                   Type           Power      Damage    Failure   Level
 Apportation              Tloc           0%         N/A       99%         1
 Foxfire                  Conj/Fire      0%         2x1d4     99%         1
 Magic Dart               Conj           0%         1d3       99%         1
 Necrotise                Necr           0%         1d4       99%         1
 Shock                    Conj/Air       0%         1d3       99%         1
 Searing Ray              Conj           0%         2d4       100%        2
 Static Discharge         Conj/Air       0%         3-3/arc   100%        2
 Call Canine Familiar     Summ           0%         N/A       100%        3
 Conjure Flame            Conj/Fire      0%         6-21      100%        3
 Gell's Gravitas          Tloc           0%         N/A       100%        3
 Ignite Poison            Fire/Tmut/Pois 0%         N/A       100%        3
 Inner Flame              Hex/Fire       0%         N/A       100%        3
 Lesser Beckoning         Tloc           0%         N/A       100%        3
 Mephitic Cloud           Conj/Pois/Air  0%         N/A       100%        3
 Portal Projectile        Hex/Tloc       0%         N/A       100%        3
 Stone Arrow              Conj/Erth      0%         3d7       100%        3
 Swiftness                Air            0%         N/A       100%        3
 Teleport Other           Tloc           0%         N/A       100%        3
 Tukima's Dance           Hex            0%         N/A       100%        3
 Vampiric Draining        Necr           0%         2d6       100%        3
 Airstrike                Air            0%         2d(0-16)  100%        4
 Animate Armour           Summ/Erth      0%         N/A       100%        4
 Cause Fear               Hex            0%         N/A       100%        4
 Dispel Undead            Necr           0%         3d6       100%        4
 Flame Wave               Conj/Fire      0%         2d4       100%        4
 Fulminant Prism          Conj/Hex       0%         3d6       100%        4
 Leda's Liquefaction      Hex/Erth       0%         N/A       100%        4
 Sticky Flame             Conj/Fire      0%         2d3       100%        4
 Agony                    Necr           0%         N/A       100%        5
 Alistair's Intoxication  Tmut/Pois      0%         N/A       100%        5
 Blade Hands              Tmut           0%         N/A       100%        5
 Freezing Cloud           Conj/Ice/Air   0%         6-21      100%        5
 Dragon Form              Tmut           0%         N/A       100%        7
 Lehudib's Crystal Spear  Conj/Erth      0%         10d2      100%        8
 Dragon's Call            Summ           0%         N/A       100%        9


Dungeon Overview and Level Annotations

Branches:
Dungeon (13/15)            Temple (1/1) D:4            Lair (5/5) D:8
  Swamp (0/4) Lair:3        Snake (0/4) Lair:3        Slime (0/5) Lair:5
    Orc (0/2) D:9
 Vaults: D:13-14

Altars:
Ashenzari
Cheibriados
Dithmenos
Fedhas
Gozag
Hepliaklqana
Kikubaaqudgha
Makhleb
Nemelex Xobeh
Okawaru
Qazlal
Ru
Sif Muna
Trog
Uskayaw
Vehumet
Wu Jian
Xom
Yredelemnul
Jiyva

Shops:
D:5 *   D:12 (   D:13 *

Portals:
Hell: Lair:5

Annotations:
D:10 3 runed translucent doors, nickcage's ghost, journeyman MiGl


Innate Abilities, Weirdness & Mutations

You have hooves in place of feet.
You have an unnaturally thin skeletal structure. (Dex +6, Stealth+++)
You may rarely emit foul miasma when damaged in melee.
When hurt, damage is shared between your health and your magic reserves.
You regenerate magic rapidly.


Message History

c - the Cloud You have drawn Exile.
The spark wasp is devoured by a tear in reality.
The slime creature is devoured by a tear in reality.
The slime creature completely misses you.
The white ugly thing is engulfed in dark miasma.
The white ugly thing looks even sicker.
You block the white ugly thing's attack.
Unknown command.
You draw... (choose one card, ? for their descriptions)
a - the Elixir b - Exile c - Velocity You have drawn the Elixir.
You begin rapidly regenerating health and magic.
The slime creature barely misses you.
The white ugly thing is engulfed in dark miasma.
The white ugly thing looks as sick as possible!
The white ugly thing barely misses you.
Cleave: a) +2 war axe (elec)
Press: ? - help, Dir - move target, f - white ugly thing
Aim: a white ugly thing (foul pestilence, almost dead, extremely poisoned, about 27% to evade your +2 war axe of electrocution)
You slash the white ugly thing!
You kill the white ugly thing!
You slash the slime creature!
You hit the eye of devastation but do no damage.
The eye of devastation gazes at you. The bolt of energy hits you!!
* * * LOW HITPOINT WARNING * * *
You block the slime creature's attack.
Cleave: a) +2 war axe (elec)
Press: ? - help, Dir - move target, f - slime creature
Aim: a slime creature (heavily wounded, about 13% to evade your +2 war axe of electrocution)
You hit the slime creature. You kick the slime creature.
The slime creature is severely wounded.
You slash the eye of devastation! The slime creature hits you.
The eye of devastation gazes at you. The bolt of energy hits you!!!
You die...
Your body glows slightly and disappears.

####.. #. #..
#.# #.. ..###
#.. ...# #..
#.##########
#..
#..........#
####..
#..○§J§....#
###.....
..#...@Gw....#
#...###. u.
#.#.####§....#
#.### #. ...
#.#.# ....# #.
#. .... #.#.#
...# # #.
...l##.#.# ..#
#. #..#.#.# ..
#. ##....#†# .
#. #...#...#
#)
####...#...#
..# #.


You could see a tyrant leech (misshapen), a slime creature and an eye of
devastation (misshapen).

Vanquished Creatures
  Kirke (Lair:3)
  A quicksilver ooze (Lair:2)
  Josephine (Lair:5)
  Fannar (D:12)
  An ice dragon (Lair:2)
  4 hydras
  2 two-headed ogres
  A centaur warrior (D:13)
  3 death yaks
  Nergalle (D:12)
  A sun demon (Lair:5)
  A wizard (Lair:5)
  A lindwurm (Lair:2)
  Pikel (D:5)
  2 ugly things
  An oklob plant (Lair:3)
  A cyclops (D:11)
  5 elephants
  6 black mambas
  2 orange demons (Lair:5)
  10 cane toads
  2 unseen horrors (D:12)
  6 rime drakes
  2 hellwings (Lair:5)
  9 komodo dragons
  2 red devils (Lair:5)
  5 trolls
  A wind drake (Lair:5)
  3 hornets (Lair:2)
  18 blink frogs
  A tarantella (Lair:5)
  Grinder (D:5)
  7 dream sheep (Lair:5)
  A vampire (D:8)
  Sigmund (D:3)
  A shadow (D:11)
  3 hogs (Lair:3)
  7 wyverns
  2 humans (D:8)
  50 yaks
  5 wraiths
  3 basilisks
  2 steam dragons
  A redback (Lair:5)
  Menkaure (D:7)
  5 vampire mosquitoes
  3 acid dragons
  4 hell hounds (Lair:5)
  20 water moccasins
  5 orc warriors
  A sky beast (D:8)
  4 ice beasts
  Pargi (D:3)
  The ghost of Setbun the Cudgeller, an amateur MiFi (D:3)
  2 ogres
  4 black bears
  2 centaurs
  10 wolves
  A phantom (D:4)
  3 kobold brigands
  Blork the orc (D:5)
  12 bullfrogs
  2 gnoll sergeants
  5 scorpions
  14 killer bees
  2 howler monkeys
  Crazy Yiuf (D:7)
  8 orc priests
  2 hounds
  Ijyb (D:4)
  3 iguanas
  10 orc wizards
  Robin (D:2)
  15 gnolls
  2 river rats (D:8)
  6 adders
  A shadow imp (D:7)
  A white imp (D:7)
  An ufetubus (D:4)
  A worm (D:2)
  2 dart slugs (D:2)
  50 orcs
  A bat (D:1)
  6 endoplasms
  4 giant cockroaches
  20 goblins
  10 hobgoblins
  14 jackals
  5 quokkas
  4 ball pythons
  5 frilled lizards
  15 kobolds
  11 rats
  A butterfly (Lair:1)
484 creatures vanquished.

Vanquished Creatures (collateral kills)
  4 death yaks
  A troll (D:9)
  2 yaks (Lair:3)
  An orc (D:9)
8 creatures vanquished.

Vanquished Creatures (others)
  A manticore (D:11)
  3 humans (Lair:3)
  A water moccasin (Lair:3)
  38 fungi
  73 plants
116 creatures vanquished.

Grand Total: 608 creatures vanquished

Notes
Turn   | Place    | Note
-------+----------+-------------------------------------------
     0 | D:1      | Cedruin the Demonspawn Gladiator began the quest for the
                  | Orb.
     0 | D:1      | Reached XP level 1. HP: 16/16 MP: 1/1
    89 | D:1      | Reached skill level 3 in Axes
   267 | D:1      | Gained mutation: You have a somewhat thin skeletal
                  | structure. (Dex +2, Stealth+) [demonic ancestry]
   267 | D:1      | Reached XP level 2. HP: 14/22 MP: 2/2
  1094 | D:1      | Identified a scroll of acquirement
  1094 | D:1      | Acquired the ring of Leosiyf {rPois rCorr Int+4}
  1181 | D:2      | Reached XP level 3. HP: 26/28 MP: 3/3
  1207 | D:2      | Found a faded altar of an unknown god.
  1226 | D:2      | Noticed Robin
  1238 | D:2      | Killed Robin
  1531 | D:2      | Gained mutation: You have large cloven feet. [demonic
                  | ancestry]
  1531 | D:2      | Reached XP level 4. HP: 34/34 MP: 4/4
  1826 | D:3      | Noticed Sigmund
  1835 | D:3      | Killed Sigmund
  1836 | D:3      | Reached skill level 4 in Axes
  1836 | D:3      | Gained mutation: You have a moderately thin skeletal
                  | structure. (Dex +4, Stealth++) [demonic ancestry]
  1836 | D:3      | Reached XP level 5. HP: 33/41 MP: 5/5
  1837 | D:3      | Noticed Pargi
  1847 | D:3      | Killed Pargi
  1848 | D:3      | Reached skill level 5 in Axes
  1848 | D:3      | Gained mutation: You have hoof-like feet. [demonic
                  | ancestry]
  1848 | D:3      | Reached XP level 6. HP: 37/48 MP: 6/6
  1973 | D:3      | Found a hide-covered altar of Uskayaw.
  2062 | D:3      | Found a sacrificial altar of Ru.
  2147 | D:3      | Found a transporter.
  2149 | D:3      | Found a transporter.
  2149 | D:3      | Noticed Setbun's ghost (amateur MiFi)
  2608 | D:4      | Found a staircase to the Ecumenical Temple.
  2626 | Temple   | Entered the Ecumenical Temple
  2697 | Temple   | Became a worshipper of Nemelex Xobeh the Trickster
  2830 | D:4      | Reached XP level 7. HP: 54/54 MP: 7/7
  2936 | D:4      | Noticed Ijyb
  3006 | D:4      | Killed Ijyb
  3073 | D:4      | Identified the +0 ring mail of Dimuim {MP+9 Int+3 Dex+4
                  | Stlth-}
  3085 | D:4      | Reached skill level 6 in Axes
  3276 | D:5      | Entered Level 5 of the Dungeon
  3385 | D:5      | Noticed Pikel
  3411 | D:5      | Killed Pikel
  3412 | D:5      | Reached skill level 5 in Fighting
  3412 | D:5      | Reached skill level 5 in Dodging
  3412 | D:5      | Gained mutation: You may rarely emit foul miasma when
                  | damaged in melee. [demonic ancestry]
  3412 | D:5      | Reached XP level 8. HP: 32/62 MP: 7/10
  3800 | D:5      | Noticed Blork the orc
  3808 | D:5      | Killed Blork the orc
  3832 | D:5      | Reached skill level 7 in Axes
  3870 | D:5      | Found Wuremm's Assorted Antiques.
  3873 | D:5      | Bought a scroll of teleportation for 87 gold pieces
  3985 | D:5      | Noticed Grinder
  3991 | D:5      | Paralysed by Grinder for 4 turns
  4002 | D:5      | Paralysed by Grinder for 2 turns
  4005 | D:5      | Killed Grinder
  4296 | D:5      | Reached * piety under Nemelex Xobeh
  4830 | D:5      | Bought a scroll labelled CEHY ODETUHO for 29 gold pieces
  5122 | D:6      | Found a blossoming altar of Fedhas.
  5122 | D:6      | Found a faded altar of an unknown god.
  5131 | D:6      | Found a bloodstained altar of Trog.
  5133 | D:6      | Found a faded altar of an unknown god.
  5285 | D:6      | Reached XP level 9. HP: 51/69 MP: 12/12
  5648 | D:7      | Reached skill level 8 in Axes
  5648 | D:7      | Reached skill level 5 in Invocations
  6108 | D:7      | Received a gift from Nemelex Xobeh
  6173 | D:7      | Found a runed translucent door.
  6174 | D:7      | Noticed Crazy Yiuf
  6204 | D:7      | Noticed Menkaure
  6212 | D:7      | Killed Menkaure
  7169 | D:7      | Killed Crazy Yiuf
  7268 | D:8      | Reached ** piety under Nemelex Xobeh
  7427 | D:8      | Reached skill level 9 in Axes
  7435 | D:8      | Reached XP level 10. HP: 34/77 MP: 13/15
  8145 | D:8      | Found a staircase to the Lair.
  8150 | D:8      | Received a gift from Nemelex Xobeh
  8150 | D:8      | Noticed a death yak
  8164 | D:8      | Noticed a death yak
  8169 | D:8      | Noticed a death yak
  8170 | D:8      | Killed a death yak
  8176 | D:8      | Killed a death yak
  8177 | D:8      | Reached skill level 10 in Axes
  8210 | D:8      | Killed a death yak
  8809 | D:8      | Found an iron altar of Okawaru.
  9409 | D:9      | Noticed a two-headed ogre
  9414 | D:9      | Gained mutation: You regenerate magic rapidly. [demonic
                  | ancestry]
  9414 | D:9      | Reached XP level 11. HP: 68/86 MP: 17/17
  9833 | D:9      | Reached *** piety under Nemelex Xobeh
  9861 | D:9      | Found a staircase to the Orcish Mines.
 10810 | D:9      | Killed a two-headed ogre
 11010 | D:10     | Entered Level 10 of the Dungeon
 11242 | D:10     | Reached skill level 11 in Axes
 11748 | D:10     | Found a runed translucent gate.
 11748 | D:10     | Found a runed translucent gate.
 11750 | D:10     | Noticed nickcage's ghost (journeyman MiGl)
 11753 | D:10     | Found a runed translucent gate.
 12223 | D:11     | Received a gift from Nemelex Xobeh
 12419 | D:11     | Reached **** piety under Nemelex Xobeh
 12605 | D:11     | Received a gift from Nemelex Xobeh
 13248 | D:12     | Noticed Nergalle
 13253 | D:12     | Killed Nergalle
 13253 | D:12     | Noticed a cyan ugly thing
 13254 | D:12     | Reached skill level 10 in Invocations
 13259 | D:12     | Killed a cyan ugly thing
 13260 | D:12     | Received a gift from Nemelex Xobeh
 13542 | D:12     | Reached ***** piety under Nemelex Xobeh
 13753 | D:12     | Noticed a two-headed ogre
 13790 | D:12     | Killed a two-headed ogre
 13791 | D:12     | Reached skill level 12 in Axes
 13791 | D:12     | Gained mutation: You have hooves in place of feet. [demonic
                  | ancestry]
 13791 | D:12     | Reached XP level 12. HP: 51/95 MP: 19/19
 13832 | D:12     | Noticed Fannar
 14037 | D:12     | Killed Fannar
 14189 | D:12     | Found Onleps's Weapon Emporium.
 14195 | D:12     | Received a gift from Nemelex Xobeh
 14572 | D:3      | Killed Setbun's ghost
 14837 | Lair:1   | Entered Level 1 of the Lair of Beasts
 14984 | Lair:1   | Received a gift from Nemelex Xobeh
 15346 | Lair:1   | Received a gift from Nemelex Xobeh
 15525 | Lair:1   | You fall into a shaft and drop 1 floor!
 15937 | Lair:2   | Reached skill level 10 in Fighting
 16042 | Lair:2   | Received a gift from Nemelex Xobeh
 16061 | Lair:2   | Noticed a five-headed hydra
 16064 | Lair:2   | Noticed a quicksilver ooze
 16064 | Lair:2   | a five-headed hydra changed into a quicksilver ooze
 16085 | Lair:2   | Killed a quicksilver ooze
 16403 | Lair:2   | Reached skill level 13 in Axes
 16877 | Lair:2   | Received a gift from Nemelex Xobeh
 17390 | Lair:2   | Noticed a five-headed hydra
 17392 | Lair:2   | Noticed an ice dragon
 17392 | Lair:2   | a five-headed hydra changed into an ice dragon
 17402 | Lair:2   | Killed an ice dragon
 18104 | Lair:3   | Gained mutation: You have an unnaturally thin skeletal
                  | structure. (Dex +6, Stealth+++) [demonic ancestry]
 18104 | Lair:3   | Reached XP level 13. HP: 90/104 MP: 22/22
 18317 | Lair:3   | Received a gift from Nemelex Xobeh
 18357 | Lair:3   | Reached skill level 10 in Dodging
 18395 | Lair:3   | Noticed Kirke
 18473 | Lair:3   | Found a staircase to the Snake Pit.
 18646 | Lair:3   | Killed Kirke
 18880 | Lair:3   | Reached skill level 14 in Axes
 19688 | Lair:3   | Found a staircase to the Swamp.
 20268 | Lair:4   | Received a gift from Nemelex Xobeh
 20637 | Lair:4   | Reached skill level 1 in Shields
 20867 | Lair:4   | Identified the +9 great sword "Guireytz" {freeze, rCorr
                  | Int+3}
 21228 | Lair:4   | Reached ****** piety under Nemelex Xobeh
 21557 | Lair:5   | Entered Level 5 of the Lair of Beasts
 21645 | Lair:5   | Received a gift from Nemelex Xobeh
 22045 | Lair:5   | Reached skill level 15 in Axes
 22045 | Lair:5   | Gained mutation: When hurt, damage is shared between your
                  | health and your magic reserves. [demonic ancestry]
 22045 | Lair:5   | Reached XP level 14. HP: 86/114 MP: 23/23
 22089 | Lair:5   | Noticed Josephine
 22103 | Lair:5   | Killed Josephine
 22437 | Lair:5   | Found a staircase to the Slime Pits.
 22438 | Lair:5   | Found a viscous altar of Jiyva.
 22726 | Lair:5   | Found a burning altar of Makhleb.
 22784 | Lair:5   | Found a gateway to Hell.
 23433 | D:13     | Identified the +5 whip of Xuyrugot {vorpal, Str+2}
 23447 | D:13     | Found Seith's Assorted Antiques.
 23455 | D:13     | Bought a scroll of identify for 42 gold pieces
 23619 | D:13     | Blown up by an eye of devastation

Illustrated notes

Levels and vault maps discovered:
D:1:      nicolae_arrival_memento_mori, layout_loops_corners
D:2:      layout_rooms, ebering_ecumenical_altar_hall, uniq_robin
D:3:      layout_loops_ring, nicolae_uskayaw_dance_hall,
          nicolae_ru_great_annihilating_truth, gammafunk_ghost_arena,
          nicolae_figureground_sparkle, uniq_sigmund, uniq_pargi
D:4:      layout_rooms, minmay_temple_entry_steel_oval, uniq_ijyb
D:5:      layout_basic, serial_shops, nicolae_shop_behind_doors,
          serial_aquarium, aquarium_bridge_square [aquarium_subvault_wall,
          aquarium_subvault_bridge, aquarium_subvault_bridge,
          aquarium_subvault_balcony], aquarium_window_corner,
          aquarium_window_corner, aquarium_window_1, aquarium_view_2c,
          aquarium_view_2d, aquarium_balcony_double_2, uniq_blork_the_orc,
          uniq_pikel, uniq_grinder
D:6:      layout_basic, chequers_temple_overflow_minitemple,
          chequers_serial_rivers_small_3
D:7:      layout_loops_ring, enter_bailey_7, minmay_manual_mess, uniq_menkaure,
          uniq_crazy_yiuf_cottage
D:8:      layout_layer_cave, okawaru_humans, dpeg_lair_monsters,
          grunt_decor_clamped
D:9:      layout_basic, minmay_orc_entry_temple_large, eino_tiny_chamber,
          chequers_serial_rivers_small_b
D:10:     layout_roguey, ebering_ghost_rock_garden
D:11:     layout_gridville, serial_glass, glass_columns_a, glass_columns_a,
          chequers_serial_rivers_micro_e
D:12:     layout_small_grid, serial_shops, nicolae_shop_crystal, uniq_fannar,
          uniq_nergalle
D:13:     layout_basic, serial_shops, shop_fountains, gammafunk_ghost_ooze,
          dreamdust_wishing_well, chequers_serial_rivers_small_3
Temple:   nicolae_temple_elliptical
Lair:1:   layout_misc_corridors, grunt_megastairs_2, lemuel_fruit_fields
Lair:2:   cheibrodos_lair_overgrown_chateau, layout_long_grid,
          nicolae_quartered_pool_impasse, serial_bayou_shore_b
Lair:3:   layout_gridlike, palyth_hydra_swamp_entry,
          minmay_snake_entry_six_corridors, uniq_kirke
Lair:4:   layout_cave_pods, grunt_forest_small_clearing_treed
Lair:5:   evil_forest, layout_loops_ring, slime_entry_1, grunt_megastairs_5,
          uniq_josephine

Skill      XL: |  1  2  3  4  5  6  7  8  9 10 11 12 13 14 |
---------------+-------------------------------------------+-----
Axes           | 3 4 5 6 7 9 10 12 13 15 | 15.5
Dodging        | 3 4 5 6 7 8 9 10 11 | 11.3
Fighting       | 3 4 5 6 8 9 10 11 12 | 12.1
Invocations    | 2 4 6 8 10 12 | 12.0
Shields        | 2 4 |  4.1
Throwing       | |  1.7

Action                   |  1- 3 |  4- 6 |  7- 9 | 10-12 | 13-15 || total
-------------------------+-------+-------+-------+-------+-------++-------
Melee: War axe           |    86 |   107 |   312 |   623 |   384 ||  1512
       Kick              |       |    15 |       |    90 |   175 ||   280
       Unarmed           |       |       |    13 |       |       ||    13
       Punch             |       |       |     6 |     4 |       ||    10
       Morningstar       |       |       |       |     1 |    21 ||    22
Throw: Throwing net      |       |     2 |     2 |       |       ||     4
       Javelin           |       |       |       |    12 |       ||    12
Invok: Draw Destruction  |       |       |       |    21 |    16 ||    37
       Draw Summoning    |       |       |       |     2 |     1 ||     3
       Draw Escape       |       |       |       |     1 |       ||     1
       Triple Draw       |       |       |       |       |     3 ||     3
Evoke: Wand              |       |       |     2 |     4 |       ||     6
  Use: Scroll            |     4 |     4 |     5 |    15 |     4 ||    32
       Potion            |       |       |       |     1 |       ||     1
 Stab: Sleeping          |     6 |     8 |       |       |     2 ||    16
       Held in net/web   |       |     1 |     2 |       |       ||     3
       Invisible         |       |     1 |       |       |       ||     1
       Paralysed         |       |     1 |       |       |       ||     1
       Distracted        |       |       |       |       |     3 ||     3
Armor: Leather armour    |    10 |       |       |       |       ||    10
       Ring mail         |    24 |    17 |       |       |       ||    41
       Troll leather arm |       |    13 |     5 |       |       ||    18
       Chain mail        |       |       |   131 |   237 |   137 ||   505
Dodge: Dodged            |    48 |   106 |   204 |   412 |   200 ||   970
Block: Other             |       |     8 |    75 |    29 |       ||   112
       Reflection        |       |       |     2 |     5 |     3 ||    10
       Buckler           |       |       |       |   244 |   200 ||   444

Table legend: (Time is in decaauts)
 A = Elapsed time spent in this place.
 B = Non-inter-level travel time spent in this place.
 C = Inter-level travel time spent in this place.
 D = Time resting spent in this place.
 E = Time spent auto-exploring this place.
 F = Levels seen in this place.
 G = Mean time per level.
                   A        B        C        D        E       F      G
               +--------+--------+--------+--------+--------+-----+--------+
         Total |  23587 |  22386 |   1201 |   1676 |  17431 |  19 | 1241.4 |
       Dungeon |  15134 |  14164 |    970 |   1073 |  10892 |  13 | 1164.2 |
        Temple |    172 |    150 |     22 |      0 |    132 |   1 |  172.0 |
          Lair |   8279 |   8071 |    208 |    603 |   6406 |   5 | 1655.8 |
               +--------+--------+--------+--------+--------+-----+--------+

Top non-repeatable levels by time:
  Lair:3: 2481 daAuts
     D:8: 2402 daAuts
  Lair:2: 1962 daAuts
     D:7: 1686 daAuts
     D:5: 1639 daAuts
  Lair:5: 1564 daAuts
     D:9: 1504 daAuts
  Lair:4: 1416 daAuts
    D:11: 1292 daAuts
     D:1: 1157 daAuts
    D:12: 1126 daAuts
    D:10: 1041 daAuts
     D:3: 944 daAuts
  Lair:1: 855 daAuts
     D:6: 783 daAuts
